 Dungeon Crawl Stone Soup version 0.30.0-29-ga12c61a403 (webtiles) character file.

Game seed: 8155225209591722549

329 Fodor the Covered (level 6, -8/53 HPs)
             Began as a Minotaur Fighter on June 15, 2023.
             Mangled by an ettin skeleton (16 damage)
             ... on level 1 of the Abyss.
             The game lasted 00:11:31 (2370 turns).

Fodor the Covered (Minotaur Fighter)                Turns: 2370, Time: 00:11:32

Health: -8/53      AC: 11    Str: 22    XL:     6   Next: 25%
Magic:  5/5        EV:  8    Int:  5    God:
Gold:   151        SH:  4    Dex: 10    Spells: 5/5 levels left

rFire   . . .        a - +1 long sword
rCold   . . .        c - +0 buckler
rNeg    . . .        u - +1 chain mail
rPois   .            (helmet restricted)
rElec   .            l - scarf {repulsion}
rCorr   .            (no gloves)
SInv    .            (no boots)
Will    .....        (no amulet) Stlth
                     (no ring)
HPRegen 0.28/turn    (no ring)
MPRegen 0.09/turn

%: repel missiles
@: no status effects
A: horns 2, retaliatory headbutt
a: no special abilities


You were on level 1 of the Abyss.
You visited 1 branch of the dungeon, and saw 3 of its levels.
You visited the Abyss 1 time.

You collected 151 gold pieces.

Inventory:

Hand Weapons
 a - a +1 long sword (weapon)
 n - a +0 sling
Missiles
 f - 5 atropa-tipped darts (quivered)
 h - 3 poisoned darts
 i - 30 stones
 k - 3 curare-tipped darts
Armour
 c - a +0 buckler (worn)
 l - a scarf of repulsion (worn)
 u - a +1 chain mail (worn)
Scrolls
 e - a scroll of fog
 t - 3 scrolls of enchant weapon
Potions
 d - 3 potions of might
 g - 2 potions of magic
 m - a potion of cancellation {unknown}
 o - a potion of invisibility {unknown}
 q - a potion of curing {unknown}
 r - 2 potions of lignification {unknown}
 s - 2 potions of flight {unknown}
 x - a potion of ambrosia {unknown}


   Skills:
 + Level 4.6 Fighting
 + Level 5.0 Long Blades
 + Level 0.6 Throwing
 + Level 5.5 Armour
 + Level 1.5 Dodging
 + Level 0.1 Stealth
 + Level 4.4 Shields


You had 5 spell levels left.
You didn't know any spells.
Your spell library contained the following spells:

 Spells                   Type           Power      Damage    Failure   Level
 Sublimation of Blood     Necr           0%         N/A       99%         2
 Wereblood                Tmut           0%         N/A       99%         2
 Gell's Gravitas          Tloc           0%         N/A       100%        3
 Teleport Other           Tloc           0%         N/A       100%        3
 Dispersal                Tloc           0%         N/A       100%        6
 Summon Hydra             Summ           0%         N/A       100%        7


Dungeon Overview and Level Annotations

Branches:
Dungeon (3/15)

Altars:

Annotations:
D:3 Crazy Yiuf


Innate Abilities, Weirdness & Mutations

You have a pair of horns on your head.
You reflexively headbutt those who attack you in melee.


Message History

The ancient zyme closely misses you. You furiously retaliate!
You headbutt the ancient zyme. The ancient zyme hits you!
You feel ill.
You slash the ancient zyme! You headbutt the ancient zyme.
The ancient zyme is almost destroyed.
The ancient zyme hits you. x2
You hit the ancient zyme but do no damage.
The ancient zyme is almost destroyed.
The ancient zyme hits you.
* * * LOW HITPOINT WARNING * * *
The ancient zyme hits you but does no damage. x2
The ancient zyme hits you.
* * * LOW HITPOINT WARNING * * *
Okay, then.
It was a potion of resistance.
You feel protected. The ancient zyme misses you. You furiously retaliate!
You headbutt the ancient zyme!
You destroy the ancient zyme!
Your Long Blades skill gained 2 levels and is now at level 5!
Your Armour skill increases to level 5!
You have reached level 5!
You have reached level 6!
Unknown command.
You start resting.
The substance of the Abyss twists violently, and a gateway leading out appears!
You start resting.
You start to feel less resistant.
There is a gateway leading out of the Abyss here.
Your resistance to elements expires.
You start resting.
You feel your health improve.
You start resting.
An ettin skeleton comes into view.
The ettin skeleton hits you. The ettin skeleton hits you!!
* * * LOW HITPOINT WARNING * * *
You hit the ettin skeleton. You headbutt the ettin skeleton!
The ettin skeleton is lightly damaged.
The ettin skeleton hits you but does no damage.
The ettin skeleton hits you!
You die... ## .. ..############ ......∩.@Z.# ############.# #

You could see an ettin skeleton.

Vanquished Creatures
  An ancient zyme (Abyss:1)
  2 gnolls (D:1)
  An adder (D:3)
  5 worms (D:2)
  2 dart slugs (D:1)
  An orc (D:2)
  5 bats
  5 endoplasms
  2 goblins
  2 hobgoblins
  7 jackals
  A kobold (D:3)
  A quokka (D:2)
  5 ball pythons
  3 frilled lizards
  8 rats
51 creatures vanquished.

Notes
Turn   | Place    | Note
-------+----------+-------------------------------------------
     0 | D:1      | Fodor the Minotaur Fighter began the quest for the Orb.
     0 | D:1      | Reached XP level 1. HP: 19/19 MP: 0/0
   248 | D:1      | Reached XP level 2. HP: 25/27 MP: 1/1
   470 | D:1      | Reached XP level 3. HP: 32/33 MP: 2/2
  1500 | D:2      | Reached XP level 4. HP: 32/40 MP: 3/3
  1502 | D:2      | Reached skill level 1 in Dodging
  1993 | D:3      | Found a runed translucent door.
  1994 | D:3      | Noticed Crazy Yiuf
  2003 | Abyss:1  | Cast into level 1 of the Abyss (Crazy Yiuf)
  2177 | Abyss:1  | Found a corrupted altar of Lugonu.
  2227 | Abyss:1  | Noticed an ancient zyme
  2236 | Abyss:1  | Killed an ancient zyme
  2237 | Abyss:1  | Reached skill level 5 in Long Blades
  2237 | Abyss:1  | Reached skill level 5 in Armour
  2237 | Abyss:1  | Reached XP level 5. HP: 12/47 MP: 4/4
  2237 | Abyss:1  | Reached XP level 6. HP: 14/53 MP: 5/5
  2370 | Abyss:1  | Mangled by an ettin skeleton

Illustrated notes

Levels and vault maps discovered:
D:1:      ebering_trefoil_3fold, layout_loops_ring
D:2:      minmay_angry_zag, layout_basic
D:3:      layout_basic, uniq_crazy_yiuf_cottage
Abyss:1:  base:
D:1

Skill      XL: |  1  2  3  4 |
---------------+-------------+-----
Shields        | 4 |  4.4
Fighting       | 4 |  4.6
Armour         | 4 5 |  5.5
Long Blades    | 3 5 |  5.0
Dodging        | 1 |  1.5
Throwing       | |  0.6
Stealth        | |  0.1

Action                     |  1- 3 |  4- 6 || total
---------------------------+-------+-------++-------
  Melee: Long sword        |    92 |    36 ||   128
         Headbutt          |    18 |    11 ||    29
  Throw: Dart              |     4 |       ||     4
    Use: Scroll            |       |     8 ||     8
         Potion            |       |     1 ||     1
 Armour: Scale mail        |    52 |     1 ||    53
         Chain mail        |       |     9 ||     9
  Dodge: Dodged            |    49 |    20 ||    69
  Block: Buckler           |    22 |     4 ||    26
